 Dungeon Crawl Stone Soup version 0.31-a0-692-gf03d1854d5 (webtiles) character file.

Game seed: 17717714815363043256

21 Essalna the Conjurer (level 2, 19/19 HPs)
             Began as a Demonspawn Conjurer on Sept 7, 2023.
             Got out of the dungeon alive.
             The game lasted 00:01:41 (512 turns).

Essalna the Conjurer (Demonspawn Conjurer)           Turns: 512, Time: 00:01:41

Health: 19/19      AC:  2    Str:  7    XL:     2   Next: 62%
Magic:  5/5        EV: 12    Int: 19    God:
Gold:   50         SH:  0    Dex: 11    Spells: 5/6 levels left

rFire   . . .        c - +0 falchion (protect)
rCold   . . .        (no shield)
rNeg    . . .        a - +0 robe
rPois   .            (helmet restricted)
rElec   .            (no cloak)
rCorr   .            (no gloves)
SInv    .            (no boots)
Will    .....        (no amulet)
Stlth   ++           (no ring)
HPRegen 0.23/turn    (no ring)
MPRegen 0.09/turn

%: no passive effects
@: no status effects
A: horns 1
a: no special abilities


You escaped.
You visited 1 branch of the dungeon, and saw 1 of its levels.

You collected 50 gold pieces.

Inventory:

Hand Weapons
 c - a +0 falchion of protection (weapon)
Armour
 a - a +0 robe (worn)
Scrolls
 d - a scroll of fog {unknown}
Potions
 b - a potion of magic


   Skills:
 - Level 1.7 Dodging
 - Level 1.7 Stealth
 + Level 2.5 Spellcasting
 + Level 4.4 Conjurations


You had 5 spell levels left.
You knew the following spells:

 Your Spells              Type           Power      Damage    Failure   Level
a - Magic Dart            Conj           76%        1d6       2%          1

Your spell library contained the following spells:

 Spells                   Type           Power      Damage    Failure   Level
 Searing Ray              Conj           38%        2d5       4%          2
 Dazzling Flash           Conj/Hex       20%        N/A       19%         3
 Fulminant Prism          Conj/Hex       5%         3d7       54%         4
 Iskenderun's Mystic Bla  Conj/Tloc      10%        2d4       54%         4


Dungeon Overview and Level Annotations

Branches:
Dungeon (1/15)

Altars:


Innate Abilities, Weirdness & Mutations

You have a pair of small horns on your head.


Message History

You barely miss the ball python. The ball python closely misses you.
The ball python constricts you.
You barely miss the ball python. The ball python closely misses you.
The ball python constricts you. The ball python bites you.
The ball python constricts you.
You barely miss the ball python. The ball python closely misses you.
The ball python constricts you.
You hit the ball python.
Your weapon exudes an aura of protection.
You kill the ball python!
You hit the goblin.
You kill the goblin!
Things that are here:
a +0 dagger; a ball python corpse
Things that are here:
a +0 dagger; a ball python corpse
Things that are here:
a +0 dagger; a ball python corpse
There is an open door here.
You see here a ball python corpse.
You see here a quokka corpse.
Things that are here:
a +0 short sword; a kobold corpse
d - a scroll labelled CUPAAT MUISOUK
Things that are here:
a +0 short sword; a kobold corpse You see here a +0 leather armour.
You see here a +1 helmet.
Unknown command.
Welcome back, Essalna the Demonspawn Conjurer.
Press ? for a list of commands and other information.
You see here a +0 dagger.
There is an open door here.
You see here a ball python corpse.
Things that are here:
a +0 dagger; a ball python corpse
Found 6 poisoned darts.
There is an open door here.
There is a staircase leading out of the dungeon here.
You have escaped!

###..#
###.#####......
......#
##.......##.####
≈≈≈≈...##...≈≈≈≈..#.#
≈≈≈≈≈......≈≈≈§§§.#(#
≈≈≈≈≈......≈≈≈≈§≈...#
≈≈≈≈≈......≈§§≈≈≈..##
≈≈≈≈..#'##..§≈≈≈...#
.....##.###......#.#
...#.+.@>.+.###....#
## ##.###.# ######
#+# .#


There were no monsters in sight!

Vanquished Creatures
  An endoplasm (D:1)
  4 goblins (D:1)
  2 hobgoblins (D:1)
  3 quokkas (D:1)
  3 ball pythons (D:1)
  2 bats (D:1)
  A frilled lizard (D:1)
  2 kobolds (D:1)
18 creatures vanquished.

Notes
Turn   | Place    | Note
-------+----------+-------------------------------------------
     0 | D:1      | Essalna the Demonspawn Conjurer began the quest for the
                  | Orb.
     0 | D:1      | Reached XP level 1. HP: 13/13 MP: 3/3
   176 | D:1      | Discovered your monstrous ancestry.
   176 | D:1      | Gained mutation: You have a pair of small horns on your
                  | head. [demonic ancestry]
   176 | D:1      | Reached XP level 2. HP: 19/19 MP: 0/5
   512 | D:$      | Got out of the dungeon alive.

Illustrated notes

Levels and vault maps discovered:
D:1:      dpeg_arrival_pits, layout_basic, nicolae_ecumenical_snake_handling,
          minmay_tromino_mix6

Action                     || total
---------------------------++-------
  Melee: Falchion          ||    28
         Headbutt          ||     1
   Cast: Magic Dart        ||    21
 Armour: Robe              ||    20
  Dodge: Dodged            ||    28

Table legend: (Time is in decaauts)
 A = Elapsed time spent in this place.
 B = Non-inter-level travel time spent in this place.
 C = Inter-level travel time spent in this place.
 D = Time resting spent in this place.
 E = Time spent auto-exploring this place.
 F = Levels seen in this place.
 G = Mean time per level.
                   A        B        C        D        E       F      G
               +--------+--------+--------+--------+--------+-----+--------+
         Total |    519 |    472 |     47 |      0 |    361 |   1 |  519.0 |
       Dungeon |    519 |    472 |     47 |      0 |    361 |   1 |  519.0 |
               +--------+--------+--------+--------+--------+-----+--------+

Top non-repeatable levels by time:
     D:1: 519 daAuts
